 Dungeon Crawl Stone Soup version 0.30.1-4-g462c640d31 (webtiles) character file.

Game seed: 2857013714672905001

6 Selene the Chopper (level 1, -1/20 HPs)
             Began as a Minotaur Berserker on Aug 14, 2023.
             Was a Follower of Trog.
             Hit by a javelin thrown by a hobgoblin (13 damage)
             ... on level 1 of the Dungeon.
             The game lasted 00:01:48 (239 turns).

Selene the Chopper (Minotaur Berserker)              Turns: 239, Time: 00:01:49

Health: -1/20      AC:  2    Str: 21    XL:     1   Next: 75%
Magic:  0/0        EV: 12    Int:  4    God:    Trog [*.....]
Gold:   41         SH:  0    Dex:  9    Spells: 0/0 levels left

rFire   . . .        a - +0 hand axe
rCold   . . .        (no shield)
rNeg    . . .        b - +0 animal skin
rPois   .            (helmet restricted)
rElec   .            (no cloak)
rCorr   .            (no gloves)
SInv    .            (no boots)
Will    .....        (no amulet)
Stlth   +            (no ring)
HPRegen 0.23/turn    (no ring)
MPRegen 0.07/turn

%: no passive effects
@: no status effects
A: horns 2, retaliatory headbutt
a: Renounce Religion, Berserk


You were on level 1 of the Dungeon.
You worshipped Trog.
Trog was aware of your devotion.
You visited 1 branch of the dungeon, and saw 1 of its levels.

You collected 41 gold pieces.

Inventory:

Hand Weapons
 a - a +0 hand axe (weapon)
Armour
 b - a +0 animal skin (worn)
Scrolls
 f - a scroll of identify {unknown}
Potions
 c - a potion of lignification {unknown}
 d - a potion of heal wounds {unknown}
 e - a potion of haste {unknown}


   Skills:
 + Level 3.8 Fighting
 * Level 4.0 Axes
 - Level 2.4 Armour
 - Level 2.1 Dodging


You couldn't memorise any spells.
You didn't know any spells.
Your spell library was empty.

Dungeon Overview and Level Annotations

Branches:
Dungeon (1/15)

Altars:


Innate Abilities, Weirdness & Mutations

You have a pair of horns on your head.
You reflexively headbutt those who attack you in melee.


Message History

The goblin is heavily wounded.
The goblin barely misses you.
You hit the goblin.
You kill the goblin!
Trog accepts your kill.
A kobold comes into view. It is wielding a +0 whip.
The kobold shouts!
You hear a shout!
A hobgoblin comes into view. It is wielding a +0 dagger.
You hear a shout!
Things that are here:
a +0 dagger; a goblin corpse The kobold closely misses you.
You hit the kobold. Your headbutt misses the kobold.
The kobold is severely wounded.
The kobold hits you with a +0 whip.
You miss the kobold. Your headbutt misses the kobold.
The kobold is severely wounded.
The kobold closely misses you. The kobold hits you with a +0 whip.
You are too injured to fight recklessly!
You are too injured to fight recklessly!
You are too injured to fight recklessly!
You are too injured to fight recklessly!
You hit the kobold but do no damage.
The kobold is severely wounded.
The kobold closely misses you.
You hit the kobold.
You kill the kobold!
Trog accepts your kill.
You hit the hobgoblin but do no damage. The hobgoblin closely misses you.
A hobgoblin comes into view.
You hit the hobgoblin but do no damage. You headbutt the hobgoblin.
You kill the hobgoblin!
Trog accepts your kill.
The hobgoblin throws a javelin.
The javelin closely misses you.
Your Axes skill increases to level 4!
Things that are here:
a +0 dagger; a goblin corpse The hobgoblin throws a javelin.
The javelin pierces through you!
Ouch! That really hurt!
You die...

#......#. #.#
#.....##. #.#
#.......⌠ #.#
###..###### #.#
#.......... #.#
##.#..###### #### #.#
#..#..... .g. #.#
#.##.....#
#.##@#####.##......#
#.g)♣.♣.♣.♣.##.......
#)##......###.#......
... #♣.♣.♣.♣ #.....
###. #.^....# ..
#♣.♣.♣.♣ .. #......#
##. #♣#♣#♣#♣ ##


You could see a hobgoblin.

Vanquished Creatures
  A goblin (D:1)
  A hobgoblin (D:1)
  2 kobolds (D:1)
  A bat (D:1)
  A frilled lizard (D:1)
6 creatures vanquished.

Notes
Turn   | Place    | Note
-------+----------+-------------------------------------------
     0 | D:1      | Selene the Minotaur Berserker began the quest for the Orb.
     0 | D:1      | Reached XP level 1. HP: 19/19 MP: 0/0
   236 | D:1      | Reached skill level 4 in Axes
   239 | D:1      | Hit by a javelin thrown by a hobgoblin

Illustrated notes

Levels and vault maps discovered:
D:1:      matt_arrival_grand_opening, layout_loops_ring, serial_forest,
          infiniplex_forest_lined_3, infiniplex_forest_lined_room_2,
          infiniplex_forest_lined_2, infiniplex_forest_end_double,
          infiniplex_forest_lined_2, infiniplex_forest_lined_3,
          infiniplex_forest_straight_4, infiniplex_forest_lined_room_2,
          minmay_tromino_mix6

Skill      XL: |  1 |
---------------+----+-----
Axes           | 4 |  4.0
Fighting       | |  3.8
Armour         | |  2.4
Dodging        | |  2.1

Action                     || total
---------------------------++-------
  Melee: Hand axe          ||    14
         Headbutt          ||     1
 Armour: Animal skin       ||     2
  Dodge: Dodged            ||     9
